 Dungeon Crawl Stone Soup version 0.27-a0-828-g8289197e94 (webtiles) character file.

Game seed: 18218539031681842381

35 polve the Changer (level 3, -1/28 HPs)
             Began as a Draconian Transmuter on Mar 30, 2021.
             Slain by Terence
             ... wielding a +0 flail
              (6 damage)
             ... on level 2 of the Dungeon.
             The game lasted 00:01:15 (1749 turns).

polve the Changer (Draconian Transmuter)            Turns: 1749, Time: 00:01:15

Health: -1/28      AC:  5    Str: 12    XL:     3   Next: 17%
Magic:  6/6        EV: 12    Int: 14    God:
Gold:   44         SH:  0    Dex: 11    Spells: 5/6 levels left

rFire    . . .     SeeInvis .     - Unarmed
rCold    . . .     Faith    .   (no shield)
rNeg     . . .     Spirit   .   (armour unavailable)
rPois    .         Reflect  .   (helmet currently unavailable)
rElec    .         Harm     .   (no cloak)
rCorr    .         Rampage  .   (no gloves)
Will     .....                  (boots currently unavailable)
Stlth    +.........             (no amulet)
HPRegen  0.09/turn              (no ring)
MPRegen  0.10/turn              (no ring)

@: brilliant, appendages (expiring), flying
A: horns 2, talons 2, AC +5, unfitting armour, cold-blooded
a: End Transformation


You were on level 2 of the Dungeon.
You had temporarily grown beastly horns and talons.
You visited 1 branch of the dungeon, and saw 2 of its levels.

You collected 44 gold pieces.

Inventory:

Scrolls
 b - a scroll of fog {unknown}
 d - a scroll of identify {unknown}
 e - a scroll of enchant weapon {unknown}
 f - a scroll of magic mapping {unknown}
Potions
 c - a potion of brilliance


   Skills:
 - Level 1.1 Fighting
 - Level 1.7 Dodging
 - Level 3.0 Unarmed Combat
 - Level 2.0 Spellcasting
 + Level 3.7 Transmutations


You had 5 spell levels left.
You knew the following spells:

 Your Spells              Type           Power      Damage    Failure   Level
a - Beastly Appendage     Tmut           34%        N/A       5%          1

Your spell library contained the following spells:

 Spells                   Type           Power      Damage    Failure   Level
 Wereblood                Tmut           17%        N/A       8%          2
 Spider Form              Tmut/Pois      4%         N/A       32%         3
 Ice Form                 Ice/Tmut       9%         N/A       73%         4
 Hydra Form               Tmut           8%         N/A       82%         5


Dungeon Overview and Level Annotations

Branches:
Dungeon (2/15)

Altars:

Annotations:
D:2 Terence


Innate Abilities, Weirdness & Mutations

You have temporarily grown beastly horns and talons.
Your plain brown scales are hard. (AC +5)
You cannot fit into any form of body armour.
You are cold-blooded and may be slowed by cold attacks.


Message History

Here: Terence, wielding a +0 flail and wearing a +1 scale mail of cold resistance The floor.
Unknown command.
Casting: Beastly Appendage (safe; 5% risk of failure)
Confirm with . or Enter, or press ? or * to list all spells.
You grow a pair of large bovine horns.
Your feet morph into talons.
Terence hits you with a +0 flail.
You hit Terence but do no damage. Your kick misses Terence.
Your tail-slap misses Terence.
Terence hits you with a +0 flail.
You hit Terence but do no damage. Your headbutt misses Terence.
Terence hits you with a +0 flail!
You closely miss Terence. Terence closely misses you.
It was a potion of brilliance.
You feel clever all of a sudden. Terence hits you with a +0 flail.
* * * LOW HITPOINT WARNING * * *
It was a potion of flight.
You feel very buoyant.
You fly up into the air.
Terence says, "How do you enjoy it?" Terence hits you with a +0 flail.
* * * LOW HITPOINT WARNING * * *
You hit Terence but do no damage. You claw Terence.
Your tail-slap misses Terence.
Terence is moderately wounded.
Terence barely misses you.
An adder comes into view.
The adder hisses angrily.
A rat comes into view.
A goblin comes into view. It is wielding a +0 club.
You barely miss Terence.
The goblin shouts!
Your kick misses Terence.
Terence is moderately wounded.
Your transformation is almost over.
The adder bites you but does no damage. Terence misses you.
You hit Terence but do no damage. Your headbutt misses Terence.
Terence is moderately wounded.
The adder bites you but does no damage. Terence hits you with a +0 flail.
You die...

.....#..#
#......#
........#
####..##
......#.#########
#...
.......S.........
#...#.
.....##..r######
.....#. ....
###.# ......# ###
#.##### #......
#.rS@.# #####@#
#S# ... .....
..r.... ..g......
#..........
#..........#


You could see Terence, an adder, a goblin, a ball python and 2 rats.

Vanquished Creatures
  An adder (D:2)
  A worm (D:2)
  2 endoplasms (D:1)
  3 goblins (D:1)
  4 hobgoblins
  3 kobolds (D:1)
  3 ball pythons (D:1)
  2 bats (D:1)
  2 frilled lizards (D:1)
  3 rats
24 creatures vanquished.

Notes
Turn   | Place    | Note
-------+----------+-------------------------------------------
     0 | D:1      | polve the Draconian Transmuter began the quest for the Orb.
     0 | D:1      | Reached XP level 1. HP: 16/16 MP: 3/3
   158 | D:1      | Reached XP level 2. HP: 18/23 MP: 5/5
  1251 | D:1      | Found Vin Xeani's General Store.
  1422 | D:2      | Reached XP level 3. HP: 17/28 MP: 4/6
  1684 | D:2      | Noticed an orc warrior
  1731 | D:2      | Noticed Terence
  1749 | D:2      | Slain by Terence

Illustrated notes

Levels and vault maps discovered:
D:1:      evilmike_arrival_hilbert_curve, layout_basic, serial_shops, shop,
          minmay_hexomino_c4
D:2:      layout_rooms, uniq_terence, uniq_jessica

Skill      XL: |  1  2 |
---------------+-------+-----
Transmutations | 3 |  3.7
Fighting       | |  1.1
Dodging        | |  1.7
Unarmed Combat | |  3.0
Spellcasting   | |  2.0

Action                   || total
-------------------------++-------
Melee: Unarmed           ||    76
       Tailslap          ||     6
       Kick              ||     7
       Headbutt          ||     4
       Punch             ||     1
 Cast: Beastly Appendage ||    10
  Use: Potion            ||     2
Armor: Skin              ||    15
Dodge: Dodged            ||    54

Table legend: (Time is in decaauts)
 A = Elapsed time spent in this place.
 B = Non-inter-level travel time spent in this place.
 C = Inter-level travel time spent in this place.
 D = Time resting spent in this place.
 E = Time spent auto-exploring this place.
 F = Levels seen in this place.
 G = Mean time per level.
                   A        B        C        D        E       F      G
               +--------+--------+--------+--------+--------+-----+--------+
         Total |   1746 |   1688 |     58 |      0 |   1501 |   2 |  873.0 |
       Dungeon |   1746 |   1688 |     58 |      0 |   1501 |   2 |  873.0 |
               +--------+--------+--------+--------+--------+-----+--------+

Top non-repeatable levels by time:
     D:1: 1427 daAuts
     D:2: 318 daAuts
